AoeStats
← gavinsenaratne

Arabia

509622888Analyzed
3v3 RM · 4d ago on Sep 27, 2026· 62m 29s· 6 players
Game mode
Random Map
Map size
Normal (6 player)
Population
200
Speed
Normal
Resources
Standard
Victory
Conquest
Starting age
Dark Age
Ending age
Imperial Age
RankedLock teamsTeams togetherTeam positionsShared explorationLock speedFull tech treeHidden civsTurbo modeCheats
Victory
Defeat
🇩🇪 Celts · Germany
865
+17
🇪🇬 Persians · Egypt
844
+17
🇩🇪 Gurjaras · Germany
797
+19
🇱🇰 Spanish · Sri Lanka
949
-20
🇱🇰 Vietnamese · Sri Lanka
926
-20
🇱🇰 Persians · Sri Lanka
745
-13
Weza
0:43 Loom
21:36 Feudal Age
45:12 Castle Age
43:57 Fletching
44:05 Gold Mining
44:10 Stone Mining
45:27 Wheelbarrow
44:39 Town Watch
46:34 Kamandaran
47:10 Double-Bit Axe
50:48 Horse Collar
51:11 Elite Skirmisher
52:15 Heavy Plow
52:41 Bow Saw
53:53 Stone Shaft Mining
54:38 Bodkin Arrow
54:45 Padded Archer Armor
55:36 Gold Shaft Mining
58:03 Imperial Age
55:49 Thumb Ring
59:30 Hand Cart
59:16 Town Patrol
61:10 Leather Archer Armor
61:07 Forging
61:03 Scale Barding Armor
61:01 Scale Mail Armor
62:55 Chemistry
62:16 Ballistics
61:52 Murder Holes
62:08 Masonry
62:22 Conscription
strahil_2009
0:36 Loom
14:30 Feudal Age
14:54 Horse Collar
15:53 Wheelbarrow
15:06 Man-at-Arms
23:00 Double-Bit Axe
26:02 Castle Age
24:28 Fletching
24:43 Scale Mail Armor
25:59 Forging
27:31 Bow Saw
27:28 Long Swordsman
27:53 Gambesons
29:33 Iron Casting
31:16 Gold Mining
31:17 Stone Mining
37:39 Imperial Age
36:31 Heavy Plow
36:01 Pikeman
38:25 Hand Cart
41:32 Gold Shaft Mining
42:26 Blast Furnace
41:32 Scale Barding Armor
41:42 Chain Mail Armor
40:54 Cavalier
41:35 Husbandry
43:04 Paladin
44:46 Chain Barding Armor
46:46 Light Cavalry
48:38 Hussar
54:44 Elite Woad Raider
55:45 Conscription
62:39 Caravan
crazy-kurs
10:34 Feudal Age
11:06 Double-Bit Axe
12:48 Horse Collar
19:09 Padded Archer Armor
19:00 Fletching
24:52 Castle Age
23:08 Gold Mining
23:14 Stone Mining
25:43 Heavy Plow
25:55 Bow Saw
26:22 Stone Shaft Mining
26:25 Gold Shaft Mining
28:02 Leather Archer Armor
28:01 Forging
31:20 Kshatriyas
31:41 Town Watch
32:41 Iron Casting
32:13 Husbandry
32:43 Bloodlines
35:23 Scale Barding Armor
36:00 Treadmill Crane
36:30 Fortified Wall
37:45 Town Patrol
38:11 Chain Barding Armor
39:08 Bodkin Arrow
43:04 Imperial Age
43:32 Heavy Camel Rider
43:32 Elite Shrivamsha Rider
45:43 Chemistry
45:30 Caravan
47:04 Crop Rotation
47:33 Frontier Guards
47:34 Conscription
48:42 Hoardings
49:10 Plate Barding Armor
49:56 Loom
50:47 Wheelbarrow
50:44 Ballistics
52:50 Elite Chakram Thrower
54:37 Bracer
54:38 Scale Mail Armor
DonRa
6:42 Loom
9:57 Feudal Age
17:40 Double-Bit Axe
27:20 Fletching
36:33 Horse Collar
53:27 Castle Age
52:57 Wheelbarrow
53:20 Town Watch
55:23 Heavy Plow
56:36 Bow Saw
57:04 Fishing Lines
62:12 Bloodlines
62:02 Husbandry
DinethH
7:58 Loom
10:34 Feudal Age
11:15 Double-Bit Axe
16:01 Fletching
22:24 Castle Age
20:07 Horse Collar
21:40 Gold Mining
23:00 Crossbowman
23:12 Pikeman
24:40 Stone Mining
25:57 Wheelbarrow
25:08 Town Watch
25:18 Town Watch
27:41 Bodkin Arrow
27:47 Padded Archer Armor
29:30 Thumb Ring
34:54 Imperial Age
32:41 Hand Cart
33:12 Treadmill Crane
33:29 Murder Holes
33:45 Masonry
36:40 Halberdier
37:37 Forging
37:46 Leather Archer Armor
37:31 Bracer
37:33 Scale Mail Armor
38:33 Town Patrol
40:23 Hoardings
39:16 Arbalester
42:24 Ring Archer Armor
42:30 Iron Casting
42:10 Chain Mail Armor
45:05 Chemistry
44:26 Ballistics
45:10 Chemistry
44:16 Siege Engineers
45:22 Paper Money
45:21 Bow Saw
59:09 Plate Mail Armor
60:24 Squires
60:10 Arson
gavinsenaratne
3:07 Loom
10:54 Feudal Age
13:59 Man-at-Arms
18:22 Double-Bit Axe
20:20 Arson
27:30 Castle Age
25:52 Forging
25:34 Fletching
25:53 Scale Barding Armor
25:44 Stone Mining
26:27 Bloodlines
30:48 Gold Mining
31:59 Husbandry
31:23 Light Cavalry
40:57 Imperial Age
42:05 Kamandaran
43:36 Hussar
43:37 Cavalier
50:19 Conscription
52:15 Chain Barding Armor
51:51 Bodkin Arrow
52:32 Iron Casting
51:59 Scale Mail Armor
52:02 Padded Archer Armor
53:04 Crossbowman
53:51 Thumb Ring
53:45 Pikeman
54:13 Gambesons
57:50 Murder Holes
60:56 Leather Archer Armor
Connection lost

Rejoining the realm…

Still unreachable

The connection could not be restored.

Session expired

The server has moved on; the page needs a fresh start.